[Event "Early-Titled-Tuesday-Blitz-February-13-2024"]
[Site "Chess.com"]
[Date "2024.02.13"]
[Round "3"]
[White "Attacks_Hurricane"]
[Black "Dinosaurio_1975"]
[Result "1/2-1/2"]
[WhiteElo "2314"]
[BlackElo "2574"]
[TimeControl "180+1"]
[EndTime "8:33:30 PST"]
[Termination "Game drawn by repetition"]

1. e4 c6 2. d4 d5 3. exd5 cxd5 4. Nf3 Nc6 5. Bb5 Bg4 6. h3 Bh5 7. g4 Bg6 8. Ne5 Qc7 9. Bf4 Qb6 10. Nc3 e6 11. a4 Bb4 12. O-O Ne7 13. Ne2 a6 14. Bxc6+ Nxc6 15. c3 Be7 16. Qd2 Nxe5 17. Bxe5 h5 18.
Bxg7 Rh7 19. Be5 hxg4 20. hxg4 O-O-O 21. Nf4 Be4 22. f3 f6 23. fxe4 fxe5 24. Ng6 exd4 25. Nxe7+ Rxe7 26. Qxd4 Qxb2 27. Rab1 Qe2 28. exd5 exd5 29.
Rbe1 Qxe1 30. Rxe1 Rxe1+ 31. Kf2 Re4 32. Qc5+ Kb8 33.
g5 Re5 34. g6 Rf5+ 35. Ke2 Re8+ 36. Kd2 Rg8 37. Qd6+ Ka8 38. Qe6 Rff8 39. Kd3 Re8 40. Qf7 Ref8 41. Qe6 Re8 42. Qd6 Rd8 43. Qg3 Rg7 44.
Kd4 Rdg8 45. Kxd5 Rxg6 46. Qe3 Rg5+ 47. Kc4 Rc8+ 48. Kb3 Rgc5 49. Qd4 a5 50. Qf6 R8c7 51. Qd8+ Ka7 52. Qd4 b6 53. Kb2 Rc4 54. Qd6 R7c6 55. Qd7+ Ka6 56. Qd8 Rc8 57. Qd7 Rxc3 58. Qb5+ Ka7 59.
Qd7+ R3c7 60. Qd4 Rc2+ 61. Kb3 R2c5 62. Qd7+ R8c7 63. Qd4 Rc1 64. Kb2 R1c4 65. Qd1 Rb4+ 66. Ka2 Kb7 67. Qd5+ Ka7 68. Qd1 Rcc4 69. Qd7+ Kb8 70.
Qd8+ Rc8 71. Qd6+ Kb7 72. Qd7+ Rc7 73. Qd5+ Ka7 74. Qd1 1/2-1/2

[Event "Early-Titled-Tuesday-Blitz-February-13-2024"]
[Site "Chess.com"]
[Date "2024.02.13"]
[Round "3"]
[White "KorolDimitriy75"]
[Black "Mikhail_Golubev"]
[Result "0-1"]
[WhiteElo "2409"]
[BlackElo "2696"]
[TimeControl "180+1"]
[EndTime "8:33:30 PST"]
[Termination "Mikhail_Golubev won by resignation"]

1. d4 Nf6 2. c4 g6 3. Nc3 Bg7 4. e4 d6 5. Nf3 O-O 6. Be2 e5 7. dxe5 dxe5 8. Qxd8 Rxd8 9. Bg5 c6 10. Nxe5 Re8 11.
O-O-O Na6 12. Rd6 Nh5 13. Nf3 Nc5 14. Rhd1 Bxc3 15. bxc3 Nxe4 16. Rd8 Be6 17. Rxa8 Rxa8 18. Kb2 Nxg5 19. Nxg5 Nf4 20. Bf1 h6 21. Nxe6 Nxe6 22. Rd7 Nc5 23. Re7 Kf8 24. Re5 b6 25. Be2 Re8 26.
Rxe8+ Kxe8 27. Bf3 Kd7 28. Kc2 Kd6 29. Kd2 Nd7 30. g3 Ne5 31. Be2 Kc5 32. Ke3 Nxc4+ 33. Kf4 Kd5 34. Bf3+ Kd6 35. h4 Ne5 36. Be2 Ke6 37.
Ke4 f6 38. f4 f5+ 39. Ke3 Nd7 40. Bc4+ Kf6 41. Kd4 g5 42. Bb3 gxh4 43. gxh4 Nf8 44. Bc2 Ng6 45. h5 Nxf4 46. Bd1 Ne6+ 47. Kc4 Ke5 48. Bf3 Nd8 49. a4 Kd6 50. Kd4 Nf7 51. Bh1 Ng5 52. c4 c5+ 53. Ke3 Ke5 54. Bc6 f4+ 55. Kf2 Kd4 56. Kg2 Kxc4 57. Bb5+ Kd4 58. Kf2 c4 59. Bd7 c3 60. Bf5 Kc4 61. Ke2 Kb3 62.
Kd1 Kb2 63. Bc2 f3 64. Bd3 f2 65. Ke2 c2 66. Bxc2 Kxc2 67. Kxf2 Kb3 68. Kg3 Kxa4 69. Kf4 Kb3 70. Kf5 a5 71. Kg6 a4 72.
Kxh6 Ne6 73. Kg6 Nf4+ 74. Kg5 Nxh5 75. Kxh5 a3 0-1

[Event "Early-Titled-Tuesday-Blitz-February-13-2024"]
[Site "Chess.com"]
[Date "2024.02.13"]
[Round "3"]
[White "TrahtarBelarus"]
[Black "JiaHaoxiang"]
[Result "1-0"]
[WhiteElo "2877"]
[BlackElo "2601"]
[TimeControl "180+1"]
[EndTime "8:33:33 PST"]
[Termination "TrahtarBelarus won by checkmate"]

1. c4 Nf6 2. Nf3 g6 3. g3 Bg7 4. Bg2 O-O 5. O-O d6 6. b3 e5 7. Bb2 c6 8. d3 Nbd7 9. Nbd2 a5 10. a3 Qb6 11. Rb1 Nc5 12. Qc2 Bf5 13. Nh4 Bg4 14.
Rfe1 Rfe8 15. h3 Bd7 16. Ba1 Ne6 17. Nhf3 Nd4 18. Nxd4 exd4 19. Nf3 c5 20. b4 axb4 21. axb4 Qc7 22. b5 b6 23. Bb2 Bc8 24. Bc1 Bb7 25.
Bg5 Nd7 26. Bf4 Be5 27. Bxe5 dxe5 28. Nd2 Bxg2 29. Kxg2 f5 30. f3 Nf6 31. Ra1 Nh5 32. Nf1 e4 33. Rxa8 exf3+ 34. exf3 Rxa8 35. Qe2 Ng7 36. f4 Qb7+ 37. Kg1 Re8 38. Qf2 Rxe1 39. Qxe1 Qf3 40.
Qe7 h6 41. Qd8+ Kh7 42. Qxb6 Qxd3 43. Qxc5 Qe4 44. Qd5 Ne6 45. b6 Qxd5 46. cxd5 Nc5 47. Kf2 Kg7 48. Nd2 Kf7 49. Nb3 Nd7 50. b7 Ke7 51. Nxd4 Kd6 52. Ne6 Kxd5 53. Nf8 Nb8 54. Nxg6 Ke4 55. Ne7 h5 56. h4 Kd3 57. Kf3 Kd4 58.
Nxf5+ Kd5 59. Ng7 Kd6 60. Nxh5 Ke7 61. g4 Kf7 62. g5 Kg6 63. Ng3 Nd7 64. h5+ Kg7 65.
h6+ Kg6 66. Kg4 Nb8 67. f5+ Kh7 68. f6 Kg6 69. Nh5 Nd7 70. Nf4+ Kh7 71. Kf5 Kg8 72.
g6 Kh8 73. Ne6 Nf8 74. Nxf8 Kg8 75. Ne6 Kh8 76. b8=R# 1-0

[Event "Early-Titled-Tuesday-Blitz-February-13-2024"]
[Site "Chess.com"]
[Date "2024.02.13"]
[Round "3"]
[White "mitrabhaa"]
[Black "GianmarcoVaR"]
[Result "0-1"]
[WhiteElo "2912"]
[BlackElo "2719"]
[TimeControl "180+1"]
[EndTime "8:33:34 PST"]
[Termination "GianmarcoVaR won on time"]

1. d4 Nf6 2. Nf3 e6 3. Bf4 b6 4. e3 Bb7 5. Nbd2 Bd6 6. Bxd6 cxd6 7. c4 d5 8. cxd5 Nxd5 9. e4 Nf6 10. Bd3 d6 11. Qa4+ Bc6 12. Qc2 h6 13. Rc1 O-O 14. O-O Bb7 15. Qa4 a6 16. Rc2 b5 17. Qa3 Nc6 18.
Rfc1 Qb6 19. Qxd6 Rfd8 20. Qc5 Qxc5 21. Rxc5 Nxd4 22. Rc7 Nxf3+ 23. Nxf3 Bxe4 24. Bxe4 Nxe4 25. Ne5 Rd5 26. Nc6 Kf8 27. f3 Nf6 28. Nb4 Rd4 29.
Rc8+ Rd8 30. Rxd8+ Rxd8 31. Nxa6 Rd2 32. Rc8+ Ke7 33.
Rc7+ Ke8 34. Rc8+ Ke7 35. Rc7+ Ke8 36. Rb7 Rxb2 37. a4 Nd5 38. axb5 Ne3 39. g4 Rg2+ 40.
Kh1 Rf2 41. h4 Rxf3 42. b6 Rf1+ 43. Kh2 Nxg4+ 44. Kg3 Ne5 45. Rc7 Rb1 46. b7 Nd7 47.
Kf3 g5 48. h5 f5 49. Ke3 e5 50. Kd3 g4 51. Kc3 Rc1+ 52. Kd3 Rxc7 53. Nxc7+ Ke7 54. Nd5+ Ke6 55. Nc7+ Kf6 56. Ne8+ Kg5 57. Ke3 Nb8 58. Nd6 Kxh5 59. Nxf5 Kg5 60. Nd6 h5 61. Ke4 h4 62. Nf7+ Kf6 63. Nxe5 g3 64. Nf3 h3 0-1

[Event "Early-Titled-Tuesday-Blitz-February-13-2024"]
[Site "Chess.com"]
[Date "2024.02.13"]
[Round "3"]
[White "PabloZarnicki"]
[Black "Zohid6"]
[Result "1-0"]
[WhiteElo "2634"]
[BlackElo "2832"]
[TimeControl "180+1"]
[EndTime "8:33:34 PST"]
[Termination "PabloZarnicki won on time"]

1. e4 e5 2. Nf3 Nf6 3. Nxe5 d6 4.
Nf3 Nxe4 5. Bd3 Nf6 6. O-O Be7 7.
h3 O-O 8. c3 d5 9. Bc2 c5 10.
d4 Nc6 11. dxc5 Bxc5 12. Nbd2 h6 13. Nb3 Bb6 14. Nbd4 Ne4 15. Be3 Qf6 16. Qd3 Re8 17. Rfe1 Bd7 18. Nb3 Bxe3 19. Rxe3 Rad8 20. Rae1 Bf5 21.
Qd1 Bg6 22. Nbd4 Ne5 23. Nxe5 Qxf2+ 24. Kh2 Qf4+ 25. Kg1 Rxe5 26. Nf3 Ree8 27. Qd4 b6 28. R3e2 Qg3 29. Nd2 Nf6 30. Rxe8+ Nxe8 31. Re3 Qd6 32.
Nc4 Qf6 33. Bxg6 Qxd4 34. cxd4 dxc4 35. Bc2 Nf6 36. Re7 Rxd4 37. Rxa7 g6 38. Rb7 Nd5 39.
Ba4 Kf8 40. Bc6 Ne3 41. Rxb6 Rd2 42. a4 Rd1+ 43. Kf2 Nf5 44. a5 Ra1 45. a6 Nd4 46.
Bb7 Ra2 47. Ke3 Ne6 48. Bc8 Nc5 49. Rc6 Ne6 50. Bxe6 fxe6 51. Kd4 Ke7 52. Kxc4 Kd7 53. Rb6 h5 54. b4 Rxg2 55. b5 Ra2 56. Rb7+ Kd6 57. Rg7 Ke5 58. a7 Ra1 59. b6 Kf6 60. Rc7 Rc1+ 61. Kb5 Rb1+ 62. Kc6 Ra1 63. Kb7 e5 64. a8=Q Rxa8 65. Kxa8 Kf5 66. b7 g5 67. b8=Q 1-0

[Event "Early-Titled-Tuesday-Blitz-February-13-2024"]
[Site "Chess.com"]
[Date "2024.02.13"]
[Round "3"]
[White "HajiyevKanan"]
[Black "KacperKacprzak"]
[Result "0-1"]
[WhiteElo "2500"]
[BlackElo "2735"]
[TimeControl "180+1"]
[EndTime "8:33:36 PST"]
[Termination "KacperKacprzak won on time"]

1. d4 d5 2. c4 e6 3. cxd5 exd5 4. Nc3 c6 5. Qc2 Bd6 6. Nf3 Ne7 7. Bg5 O-O 8. e3 f6 9. Bh4 Bf5 10. Bd3 Bxd3 11. Qxd3 Na6 12. O-O Qd7 13. a3 Qf5 14. Qxf5 Nxf5 15. Bg3 Nxg3 16. hxg3 Rfe8 17. b4 Nc7 18. Na4 Kf7 19. Nc5 Rab8 20. Rab1 Red8 21. a4 b6 22. Nd3 Ke7 23. Rfc1 Kd7 24. Rc2 Rdc8 25.
Rbc1 Na6 26. Rb1 Nc7 27. Nh4 g6 28. Nf3 Ra8 29. b5 cxb5 30. axb5 Ne6 31. Ra2 Rc3 32. Nb4 Nc7 33. Ne1 Ke6 34. Kf1 Nxb5 35. Nxd5 Kxd5 36.
Rxb5+ Kc6 37. Rb1 a5 38. Rba1 Bc7 39. Ke2 b5 40. Kd2 Rc4 41. Nd3 a4 42. Nb2 Ba5+ 43. Kd1 Rc3 44. g4 Bc7 45. Kd2 Ba5 46. Kd1 Rb3 47.
g3 Bc7 48. Kc2 Ba5 49. Kd1 h5 50. gxh5 gxh5 51. Rc1+ Kb6 52. Rca1 h4 53. gxh4 Rh8 54. Ke2 Rxh4 55. Nd3 Bc3 56. Rg1 a3 57. Rg6 b4 58.
Rxf6+ Kc7 59. Ra6 Rb2+ 60. Nxb2 axb2 61. Rxb2 Bxb2 62. Kd3 Rh2 63. f4 Bc1 64. Ra4 b3 65. Rb4 b2 66. f5 Kd6 67. e4 Rh3+ 68. Kc4 Rh1 69. Rb6+ Kc7 70. Rb3 Rh3 71. Rxh3 b1=Q 72. Rc3 Kd7 73. Kd5 Qa2+ 0-1

[Event "Early-Titled-Tuesday-Blitz-February-13-2024"]
[Site "Chess.com"]
[Date "2024.02.13"]
[Round "3"]
[White "DamianoLew95"]
[Black "platy3"]
[Result "0-1"]
[WhiteElo "2719"]
[BlackElo "2940"]
[TimeControl "180+1"]
[EndTime "8:33:37 PST"]
[Termination "platy3 won by resignation"]

1. e4 c5 2. Nf3 e6 3. d3 Nc6 4. Nbd2 g6 5. h4 h6 6. h5 g5 7.
e5 f6 8. exf6 Nxf6 9. Ne4 d5 10.
Nxf6+ Qxf6 11. c3 Bd6 12. d4 Bd7 13. Be3 cxd4 14. Nxd4 O-O 15. Nxc6 Bxc6 16. Qd2 Bf4 17. Bxf4 Qxf4 18. Qxf4 Rxf4 19. Be2 e5 20. f3 e4 21. Rd1 Re8 22. Kf2 g4 23. Rd4 Ref8 24.
Kg3 gxf3 25. gxf3 R4f5 26. Rf1 Kg7 27. f4 Kf7 28. Bg4 Rg8 29. Kh4 Rf6 30. f5 Ke7 31. Kg3 Rd6 32. Kf4 Kf6 33. Rfd1 Rd7 34. c4 Rdg7 35.
Be2 Rg5 36. cxd5 Rxf5+ 37. Ke3 Rg3+ 38. Kxe4 Bd7 39. Rf1 Rg2 40. Rxf5+ Bxf5+ 41. Ke3 Rg3+ 42. Kf2 Rh3 43. d6 Rh2+ 44. Ke3 Bd7 45. Rd2 Ke5 46. Bf3 Rxd2 47. Kxd2 b6 48. Ke3 Kxd6 49. Kf4 Be6 50. Be4 Bxa2 51. Kf5 Bf7 52. Bf3 Ke7 53. Ke5 a5 54.
Be2 Be8 55. Kd5 Kf6 56. Kd6 Kg5 57. Kc7 Bxh5 58. Bb5 Bd1 59. Kxb6 a4 60. Ka5 h5 61. Bd7 h4 62. Kb4 Kf4 63. Kc3 Kg3 64. Kd2 Bb3 65. Kc3 h3 66. Bxh3 Kxh3 67. Kb4 Kg3 68. Kc3 Kf3 69.
Kd2 Ke4 70. Kc1 Ba2 71. Kc2 Kd4 72. b3 a3 73. b4 Kc4 74. b5 Kxb5 75. Kc3 Kc5 76.
Kc2 Kb4 77. Kc1 Kc3 0-1

[Event "Early-Titled-Tuesday-Blitz-February-13-2024"]
[Site "Chess.com"]
[Date "2024.02.13"]
[Round "3"]
[White "IwkooO"]
[Black "andrzej"]
[Result "1/2-1/2"]
[WhiteElo "2643"]
[BlackElo "2475"]
[TimeControl "180+1"]
[EndTime "8:33:39 PST"]
[Termination "Game drawn by repetition"]

1. e4 e5 2. Nf3 Nf6 3. d3 Nc6 4. g3 d5 5. exd5 Nxd5 6. Bg2 Bd6 7. O-O O-O 8. Nbd2 Re8 9. Re1 Bf8 10. Nc4 f6 11. a4 Bg4 12. h3 Bh5 13. c3 Nb6 14.
Nxb6 axb6 15. Qc2 Qd7 16. Nd2 Red8 17. Bf1 Bg6 18. Ne4 b5 19. Be3 bxa4 20. Rxa4 Nd4 21. Rxd4 exd4 22. Bxd4 b6 23. b4 Bf7 24. Be3 Qa4 25. Qe2 Qb3 26. Qg4 Be6 27. Qh4 Bf7 28. Bd4 Rxd4 29. cxd4 Bxb4 30. Rc1 Ra7 31. Qf4 Qb2 32.
Rxc7 Rxc7 33. Qxc7 Qxd4 34. Qb8+ Bf8 35. h4 h6 36. Be2 Qb4 37. Kg2 Kh7 38. Bf3 f5 39. Nc3 Bc5 40. Qe5 Bd4 41. Qxf5+ Bg6 42. Nd5 Qc5 43. Qe6 Bxf2 44. Be4 Bxe4+ 45. Qxe4+ Kg8 46. Nf4 Bd4 47. Ne6 Qc2+ 48. Kh3 Bf6 49. Nf4 Qc8+ 50. Kg2 Qc2+ 51. Kf3 Qc8 52. Nd5 Qd8 53. Qe6+ Kh7 54. Ke4 Qa8 55. Qxb6 Qa4+ 56. Qb4 Qa1 57. Nxf6+ Qxf6 58. Qd2 Qg6+ 59. Kf3 Qf5+ 60. Kg2 Qd5+ 61.
Kh2 Qd4 62. Qe2 Qc3 63. Kg2 Kh8 64. Qe8+ Kh7 65. Qe4+ Kh8 66. d4 Qb2+ 67. Kh3 Qc1 68. Qf5 Qh1+ 69. Kg4 Qd1+ 70. Kh3 Qxd4 71. h5 Qd8 72.
Kg4 Qa8 73. Kh3 Qh1+ 74. Kg4 Qd1+ 75. Kh3 Qh1+ 76. Kg4 Qc1 77. Kh3 Qh1+ 1/2-1/2

[Event "Early-Titled-Tuesday-Blitz-February-13-2024"]
[Site "Chess.com"]
[Date "2024.02.13"]
[Round "3"]
[White "FGHSMN"]
[Black "HamedWafa4"]
[Result "0-1"]
[WhiteElo "2978"]
[BlackElo "2762"]
[TimeControl "180+1"]
[EndTime "8:33:40 PST"]
[Termination "HamedWafa4 won by resignation"]

1. e4 e5 2. Nf3 Nc6 3. Nc3 Nf6 4. Bb5 Bb4 5. O-O O-O 6. Bxc6 dxc6 7. d3 Re8 8. h3 Nd7 9. Ne2 Nf8 10. Kh1 Ng6 11.
Nh2 Bd6 12. f4 exf4 13. Nxf4 Nxf4 14. Bxf4 Bxf4 15. Rxf4 Be6 16. Qd2 c5 17. b3 a5 18.
Raf1 a4 19. Nf3 axb3 20. axb3 h6 21. Qc3 b6 22. Ne5 Rf8 23. R4f3 Ra2 24. R1f2 Qd6 25. h4 Qd8 26. Rf4 Qd6 27. h5 Qd8 28. Nf3 Qd6 29.
Nh4 Qd8 30. g3 Qg5 31. Kg2 Qxh5 32. Nf5 Bxf5 33. Rxf5 Qg6 34. Qe5 Qc6 35. Qe7 Qd6 36. Qxd6 cxd6 37. Rd5 Rd8 38. e5 Ra7 39. exd6 Rad7 40. Rdf5 f6 41. b4 cxb4 42. Rb5 Rxd6 43. Rxb4 Rc8 44. Kg1 Rc3 45. Kf1 Rdc6 46. Rb2 Kf7 47. Ke1 Re6+ 48. Kd2 Rcc6 49. c4 Re5 50. Rf3 Rd6 51. Kc3 Re1 52. Kb4 Rd1 53. Rb3 h5 54.
Kb5 g5 55. Ka6 Kg6 56. Rxb6 R1xd3 57. Rxd6 Rxf3 58. c5 Rxg3 59. c6 Rc3 60. Kb5 h4 61.
Rd4 h3 62. Rd2 g4 63. Rh2 Kg5 64. Kb6 Kh4 65. c7 Rxc7 66. Kxc7 g3 67. Ra2 h2 68. Ra8 g2 69. Rh8+ Kg3 70. Rg8+ Kf2 71. Rg6 h1=Q 72.
Rxf6+ Ke2 73. Re6+ Kf3 74. Rd6 g1=Q 0-1

[Event "Early-Titled-Tuesday-Blitz-February-13-2024"]
[Site "Chess.com"]
[Date "2024.02.13"]
[Round "3"]
[White "KarolKacprzak"]
[Black "ChessBliss09"]
[Result "1-0"]
[WhiteElo "2732"]
[BlackElo "2134"]
[TimeControl "180+1"]
[EndTime "8:33:40 PST"]
[Termination "KarolKacprzak won by checkmate"]

1. d4 Nf6 2. c4 e6 3. Nf3 d5 4. Nc3 Bb4 5. cxd5 exd5 6. Bf4 O-O 7. e3 c5 8. Bd3 c4 9. Be2 Ne4 10. Rc1 Qa5 11. O-O Bxc3 12. bxc3 Nxc3 13. Qd2 Nxe2+ 14. Qxe2 Bf5 15. Rfe1 Nc6 16. h3 b5 17. Bd6 Rfe8 18. Nh4 Bd3 19. Qh5 Bg6 20. Qxd5 Nb4 21. Bxb4 Qxb4 22.
Nxg6 hxg6 23. Rb1 Qd2 24. Qxb5 Qxa2 25. Rec1 Rec8 26. d5 c3 27. e4 Qd2 28. Rd1 Qf4 29. Re1 Rab8 30. Qa6 c2 31. Rbc1 Kh7 32. d6 Rb1 33. Rxb1 cxb1=Q 34. Rxb1 Qxe4 35. Rd1 Rd8 36. Qxa7 Qe6 37. Qd4 Kg8 38. d7 Kf8 39. Qc5+ Qe7 40. Qc7 f6 41. h4 Kf7 42. Qc4+ Qe6 43. Qc7 Qe7 44. Qc6 Qe6 45. Qb7 Qe7 46. g3 f5 47.
Qc7 Kf8 48. Rd3 Kf7 49. Qc6 Qe6 50. Rd6 Qe7 51. Rxg6 Qe1+ 52. Kg2 Qe4+ 53. Qxe4 fxe4 54. Rd6 Ke7 55. Rd4 Rxd7 56. Rxe4+ Kf6 57. Re3 Rf7 58. Rf3+ Ke7 59. Rxf7+ Kxf7 60. Kf3 g6 61. Kg4 Kf6 62.
Kf4 Kg7 63. Kg5 Kh7 64. g4 Kg7 65. f4 Kf7 66. f5 Kg7 67. fxg6 Kg8 68. h5 Kh8 69. h6 Kg8 70. Kf6 Kh8 71. g7+ Kg8 72.
h7+ Kxh7 73. Kf7 Kh6 74. g5+ Kh5 75. g8=Q Kg4 76. g6 Kg3 77. g7 Kg4 78. Qe8 Kf3 79. Kf8 Kf2 80. Qf7+ Ke2 81. g8=Q Ke3 82. Qg4 Kd2 83.
Qa2+ Ke3 84. Qb3+ Kf2 85. Qgf3+ Kg1 86. Qfc3 Kf2 87. Qcc2+ Kf1 88. Qbb1# 1-0

[Event "Early-Titled-Tuesday-Blitz-February-13-2024"]
[Site "Chess.com"]
[Date "2024.02.13"]
[Round "3"]
[White "kecalk"]
[Black "Agibileg"]
[Result "1-0"]
[WhiteElo "2515"]
[BlackElo "2718"]
[TimeControl "180+1"]
[EndTime "8:33:42 PST"]
[Termination "kecalk won by resignation"]

1. e4 e5 2. Nf3 Nc6 3. Bb5 a6 4. Ba4 Nf6 5. O-O d6 6. c3 Bd7 7. d4 Nxe4 8. Re1 Nf6 9. Bxc6 Bxc6 10. dxe5 dxe5 11. Qxd8+ Rxd8 12. Nxe5 Be7 13. Nxc6 bxc6 14. Nd2 Rd7 15. Nc4 O-O 16. Bg5 h6 17. Bxf6 Bxf6 18.
Rad1 Rfd8 19. Rxd7 Rxd7 20. Kf1 Kf8 21. Ke2 Rd5 22. Rd1 Rc5 23. Kd3 Ke7 24. Re1+ Kd7 25. Re2 Rh5 26. h3 Rg5 27. g4 h5 28. f4 Rd5+ 29. Kc2 hxg4 30. hxg4 g6 31. Ne3 Rd6 32.
Rd2 Bg7 33. Nc4 Rd5 34. Ne3 Rxd2+ 35. Kxd2 Bh6 36. g5 Bf8 37. Kd3 Ke6 38. Ke4 Bc5 39. Nc4 Bd6 40. Na5 Kd7 41. Nc4 Ke6 42.
Na5 c5 43. Nc4 Be7 44. Na5 f5+ 45. gxf6 Kxf6 46. b3 Ke6 47. Nc6 Bf6 48. c4 Bc3 49.
Nb8 a5 50. Nc6 g5 51. fxg5 Kd6 52. Nd8 Ke7 53. Nb7 Bb4 54. g6 Kf6 55. Kd5 Kxg6 56. Nxc5 Kf6 57. Kc6 Ke7 58. Na6 Bd6 59. Nxc7 Bf4 60.
Nd5+ Kd8 61. Nxf4 Kc8 62. Nd5 Kb8 63. Kb5 a4 64. Kxa4 Ka8 65. Kb5 Kb8 66. Kb6 Ka8 67. c5 Kb8 68. c6 Ka8 69. b4 1-0

[Event "Early-Titled-Tuesday-Blitz-February-13-2024"]
[Site "Chess.com"]
[Date "2024.02.13"]
[Round "3"]
[White "Let_it_be_1"]
[Black "MAGMAchess02"]
[Result "0-1"]
[WhiteElo "2572"]
[BlackElo "2288"]
[TimeControl "180+1"]
[EndTime "8:33:42 PST"]
[Termination "MAGMAchess02 won on time"]

1. e4 c6 2. d4 g6 3. Nc3 Bg7 4. f4 d5 5. Nf3 dxe4 6. Nxe4 Nf6 7. Nxf6+ Bxf6 8. Bc4 O-O 9. O-O Bg4 10. c3 c5 11.
dxc5 Qxd1 12. Rxd1 Bxf3 13. gxf3 Na6 14. Be3 Rfc8 15.
Bxa6 bxa6 16. Rd7 Rab8 17. b3 Bxc3 18. Rc1 Bb4 19. Rxa7 Rc6 20. Rxe7 Rbc8 21. Re5 Kf8 22. Kf2 f6 23. Rd5 Ke7 24. Rc4 a5 25. f5 g5 26.
Re4+ Kf8 27. Rc4 Ke7 28. f4 g4 29. Kg3 h5 30. Bf2 Kf8 31. Kh4 Kg7 32. Re4 Bxc5 33.
Rd7+ Kh6 34. Bxc5 Rxc5 35. Ree7 Rh8 36. Rd6 Rxf5 37. Re5 Kg6 38. Rxf5 Kxf5 39. Rd5+ Kxf4 40. Rxa5 f5 41. b4 Ke4 42. Ra7 f4 43. Re7+ Kd3 44.
b5 f3 45. Kg3 Ra8 46. Rd7+ Ke3 47. Re7+ Kd3 48. Rd7+ Ke4 49. Re7+ Kf5 50. b6 Rxa2 51. b7 Rg2+ 52. Kh4 Rxh2+ 53. Kg3 Rb2 54. Rh7 Kg5 55.
Rg7+ Kf6 56. Rh7 Kg6 57. Rc7 Kg5 58. Rc5+ Kh6 59. Rc6+ Kg7 60. Rc7+ Kf6 61. Rc6+ Ke7 62. Rh6 Rg2+ 63. Kf4 Rb2 64. Kg3 Kd7 65. Rxh5 Rg2+ 66.
Kf4 Kc7 67. Rh7+ Kb8 68. Ke3 Re2+ 69. Kf4 f2 70. Rh1 Re1 0-1

[Event "Early-Titled-Tuesday-Blitz-February-13-2024"]
[Site "Chess.com"]
[Date "2024.02.13"]
[Round "3"]
[White "Suleyman_Chess06"]
[Black "Msb2"]
[Result "1/2-1/2"]
[WhiteElo "2768"]
[BlackElo "2998"]
[TimeControl "180+1"]
[EndTime "8:33:45 PST"]
[Termination "Game drawn by repetition"]

1. Nf3 d5 2. g3 e6 3. Bg2 Nf6 4. O-O Bd6 5. d4 O-O 6. c4 Nc6 7. Nc3 dxc4 8. Qa4 e5 9. dxe5 Nxe5 10. Nxe5 Bxe5 11. Qxc4 c6 12. Bg5 Be6 13. Qc5 Bd4 14. Qb4 Qb6 15. Qxb6 axb6 16. Rfd1 Be5 17. Be3 b5 18.
Bd4 Nd7 19. a3 Bxd4 20. Rxd4 Ne5 21. Ne4 Rad8 22. Rad1 Rxd4 23. Rxd4 Nc4 24. Nc5 Bc8 25. a4 Nxb2 26. axb5 cxb5 27. Rb4 Na4 28. Rxb5 Nxc5 29. Rxc5 Rd8 30. h4 g6 31. Bf3 h5 32. Kg2 Kg7 33.
Rb5 Rd7 34. Rb6 Rc7 35. e4 Rc6 36. Rb2 Rc5 37. Rb6 Rc6 38. Rb4 Re6 39. e5 b6 40. Bd1 Bb7+ 41. Bf3 Ba6 42. Bd5 Rxe5 43. Rxb6 Bf1+ 44. Kxf1 Rxd5 45. Kg2 Rd3 46. Rb4 Rd6 47. Rb7 Rf6 48. Rc7 Rf5 49. Rb7 Re5 50. Rc7 Re4 51.
Rb7 Ra4 52. Rc7 Kf6 53. Rb7 Rc4 54. Ra7 Rc6 55. Rb7 Rd6 56. Rc7 Re6 57. Rb7 Re5 58. Ra7 Ke6 59. Kf3 f6 60. Ra4 Rb5 61. Re4+ Kf5 62.
Rf4+ Ke6 63. Re4+ Kf7 64. Rc4 Rb3+ 65. Kf4 Rb6 66. Kf3 Rb7 67. Rc6 Ra7 68. Ke3 Kg7 69. Kf3 Ra3+ 70. Kg2 Ra7 71. Rb6 Re7 72. Kf3 g5 73. hxg5 fxg5 74. Kg2 Re5 75. f4 Rf5 76. fxg5 Rxg5 77. Kh3 Rg4 78. Ra6 Kh7 79. Rb6 Ra4 80. Rb5 Kh6 81. Rb6+ Kg7 82. Rb5 Kg6 83. Rb6+ Kg7 84.
Rb5 Kh6 85. Rb6+ Kh7 86. Rb5 Kh6 1/2-1/2

[Event "Early-Titled-Tuesday-Blitz-February-13-2024"]
[Site "Chess.com"]
[Date "2024.02.13"]
[Round "3"]
[White "The_Straightforward_Rook"]
[Black "SlavenPastar"]
[Result "0-1"]
[WhiteElo "2420"]
[BlackElo "2612"]
[TimeControl "180+1"]
[EndTime "8:33:46 PST"]
[Termination "SlavenPastar won by resignation"]

1. Nf3 b6 2. d4 Bb7 3. c3 Nf6 4. Bg5 e6 5. Nbd2 Be7 6. Bxf6 Bxf6 7. e4 d6 8. Bd3 Nd7 9. O-O g6 10. Qe2 Bg7 11. Rfe1 O-O 12. a4 a5 13. Nf1 e5 14.
d5 Nc5 15. Bc2 Ba6 16. Qd2 f5 17. exf5 gxf5 18. b4 axb4 19. cxb4 Nd7 20. Ng3 f4 21. Ne4 Nf6 22. Nfg5 Nxe4 23. Nxe4 f3 24. Ng5 fxg2 25. Bxh7+ Kh8 26. Ra3 Bh6 27. Rg3 Qf6 28. Bb1 Bc8 29. h4 Bf5 30. Rf3 Qg6 31.
Rxf5 Rxf5 32. Qd3 Raf8 33. Qh3 Bxg5 34. hxg5+ Kg7 35. Bxf5 Rxf5 36. Kxg2 Qxg5+ 37. Qg3 Qxg3+ 38. Kxg3 Rg5+ 39. Kf3 Rf5+ 40. Ke3 Rf4 41. Rb1 Kf6 42. a5 bxa5 43. bxa5 Ra4 44. Rb7 Rxa5 45. Rxc7 Rxd5 46.
Rc8 Rd4 47. Rf8+ Ke6 48. Rh8 Kd5 49. Rc8 Re4+ 50. Kf3 Rd4 51. Ke3 Re4+ 52. Kf3 Rc4 53.
Rd8 Rc3+ 54. Ke2 Rc6 55. Ke3 Rb6 56. Rd7 Kc5 57. Rd8 d5 58. Rc8+ Rc6 59. Re8 Kd6 60.
Rd8+ Ke6 61. Re8+ Kf5 62. Rf8+ Rf6 63. Rd8 d4+ 64. Ke2 Ra6 65. Rf8+ Ke4 66. Re8 Ra2+ 67.
Kf1 d3 68. Re7 Ra1+ 69. Kg2 d2 70. f3+ Kf5 71. Rd7 0-1

[Event "Early-Titled-Tuesday-Blitz-February-13-2024"]
[Site "Chess.com"]
[Date "2024.02.13"]
[Round "3"]
[White "Aash20"]
[Black "MKlose11"]
[Result "0-1"]
[WhiteElo "2455"]
[BlackElo "2646"]
[TimeControl "180+1"]
[EndTime "8:33:49 PST"]
[Termination "MKlose11 won by resignation"]

1. e4 e6 2. d4 d5 3. Nd2 Be7 4. Ngf3 Nf6 5. e5 Nfd7 6. Bd3 c5 7. c3 Nc6 8. O-O a5 9. Re1 cxd4 10. cxd4 Qb6 11. Qe2 Nxd4 12. Nxd4 Qxd4 13. Nf3 Qb6 14. Be3 Bc5 15. Bg5 h6 16. Bf4 Be7 17. Rac1 O-O 18. Red1 Rd8 19. Bb1 Nf8 20. Qd2 Qb4 21. Bxh6 gxh6 22.
Qxh6 Qg4 23. Rd4 Qg7 24. Qh3 Bd7 25. Rg4 Ng6 26. Qg3 Be8 27. h4 Rac8 28. Rd1 Rc4 29. Nd4 Bxh4 30. Rxh4 Nxh4 31. Qxh4 Rdc8 32. Qf4 Bd7 33.
Bd3 Rb4 34. b3 Rxd4 35. Qxd4 Qg5 36. Bf1 Rc1 37. Rd3 Kf8 38. Rg3 Qh6 39. Qe3 Qxe3 40.
fxe3 Bb5 41. Rf3 Re1 42. g3 Bxf1 43. Rxf1 Rxe3 44. Kf2 Rxe5 45. Rc1 b5 46. Rc5 a4 47. Rxb5 axb3 48. axb3 Kg7 49. Rb7 Kf6 50. b4 Re4 51. b5 Rb4 52. b6 Kg6 53. Rb8 f6 54. b7 Kf5 55. g4+ Ke5 56. g5 fxg5 57. Kg3 d4 58.
Kf3 Rb3+ 59. Ke2 g4 60. Kf2 g3+ 61. Kg2 d3 62. Rd8 Rxb7 63. Rxd3 Ke4 64. Rxg3 e5 65. Kf1 Rb1+ 66. Ke2 Rb2+ 67. Ke1 Kd4 68. Rh3 e4 69. Rh8 Kd3 70. Rh7 Rb1+ 71. Kf2 e3+ 72. Kf3 Rf1+ 73. Kg2 e2 74. Rd7+ Kc4 75. Rc7+ Kd5 76. Rd7+ Kc6 77.
Re7 e1=Q 78. Rxe1 Rxe1 0-1

[Event "Early-Titled-Tuesday-Blitz-February-13-2024"]
[Site "Chess.com"]
[Date "2024.02.13"]
[Round "3"]
[White "N4700000"]
[Black "Egor_Koshulyan"]
[Result "1-0"]
[WhiteElo "2454"]
[BlackElo "2613"]
[TimeControl "180+1"]
[EndTime "8:33:53 PST"]
[Termination "N4700000 won by resignation"]

1. e4 c5 2. Nf3 Nc6 3. Bb5 g5 4. Nxg5 Nf6 5. Nc3 Rg8 6. d3 h6 7.
Nh3 Rxg2 8. Nf4 Rg8 9. Be3 Nd4 10. Bc4 d6 11. Bxd4 cxd4 12. Nce2 Bg4 13. Qd2 Bf3 14. Rg1 Rg5 15. Rg3 Rxg3 16. hxg3 h5 17. Bb5+ Nd7 18. Nxd4 Bg4 19. f3 Qb6 20. Qb4 Be6 21. Nfxe6 fxe6 22. Qa4 O-O-O 23. O-O-O Nc5 24. Qc4 d5 25. Qc3 Kb8 26.
b4 Na6 27. Bxa6 Qxa6 28. Qb3 Bg7 29. Ne2 Qb6 30. d4 Rc8 31. e5 Rc4 32. c3 a5 33.
a3 Qb5 34. Kb2 a4 35. Qc2 Rc7 36. Qd3 Qc6 37. Nf4 Bf8 38. Nxh5 Rc8 39. g4 Bh6 40. f4 Bf8 41. g5 Qe8 42. g6 Bh6 43. Rg1 Qf8 44.
g7 Qf7 45. Qg6 Qxg6 46. Rxg6 Bxg7 47. Rxg7 Rf8 48. Rxe7 Rf5 49. Ng7 Rxf4 50. Nxe6 Rf2+ 51. Kc1 Rf1+ 52. Kd2 Rf2+ 53. Ke3 Ra2 54. Nc5 Rxa3 55. Kd3 Ra1 56. e6 a3 57. Rd7 a2 58. Nb3 Re1 59.
e7 Ka7 60. Kd2 Re6 61. Kc2 Re2+ 62. Kc1 Kb6 63. Kd1 Re6 64. Rd6+ Rxd6 65. e8=Q Rc6 66.
Qd8+ Ka7 67. Qxd5 Rxc3 68. Qa5+ Kb8 69. Qxa2 Rd3+ 70. Kc2 Rh3 71. Nd2 Rh2 72. Qd5 Ka7 73.
Qc5+ Kb8 74. Qd6+ 1-0